 Dungeon Crawl Stone Soup version 0.29.0-5-ge4962eb29e (webtiles) character file.

Game seed: 4775474585379678792

65 RascalDebosk the Grave Robber (level 4, -3/30 HPs)
             Began as a Human Necromancer on Aug 28, 2022.
             Slain by a gnoll
             ... wielding a +0 spear
              (4 damage)
             ... on level 3 of the Dungeon.
             The game lasted 00:20:46 (1344 turns).

RascalDebosk the Grave Robber (Human Necromancer)   Turns: 1344, Time: 00:20:47

Health: -3/30      AC:  4    Str:  9    XL:     4   Next: 35%
Magic:  0/7        EV: 12    Int: 17    God:
Gold:   109        SH:  0    Dex: 13    Spells: 4/8 levels left

rFire   . . .      SeeInvis .   h - +0 spear
rCold   . . .      Faith    .   (no shield)
rNeg    . . .      Spirit   .   k - +0 leather armour
rPois   .          Reflect  .   q - +0 hat
rElec   .          Harm     .   (no cloak)
rCorr   .          Rampage  .   i - +0 pair of gloves
Will    .....                   (no boots)
Stlth   ++........              (no amulet)
HPRegen 0.10/turn               j - ring of wizardry
MPRegen 0.10/turn               (no ring)

@: no status effects
A: no striking features
a: no special abilities


You were on level 3 of the Dungeon.
You visited 1 branch of the dungeon, and saw 3 of its levels.

You collected 109 gold pieces.

Inventory:

Hand Weapons
 c - a +0 mace
 h - a +0 spear (weapon)
Armour
 i - a +0 pair of gloves (worn)
 k - a +0 leather armour (worn)
 q - a +0 hat (worn)
Jewellery
 j - a ring of wizardry (left hand)
Scrolls
 m - a scroll of poison {unknown}
 n - a scroll of noise {unknown}
 p - a scroll of enchant weapon {unknown}
 r - a scroll of teleportation {unknown}
Potions
 a - a potion of haste {unknown}
 b - a potion of magic
 d - a potion of invisibility {unknown}
 e - a potion of attraction {unknown}
 f - 4 potions of curing {unknown}
 g - 2 potions of heal wounds {unknown}
 l - 2 potions of lignification {unknown}
 o - a potion of mutation {unknown}


   Skills:
 + Level 1.3 Staves
 + Level 2.5 Dodging
 + Level 2.6 Stealth
 + Level 2.5 Spellcasting
 + Level 4.3 Necromancy


You had 4 spell levels left.
You knew the following spells:

 Your Spells              Type           Power      Damage    Failure   Level
a - Necrotise             Necr           64%        1d7       1%          1
b - Vampiric Draining     Necr           16%        2d7       5%          3

Your spell library contained the following spells:

 Spells                   Type           Power      Damage    Failure   Level
 Animate Dead             Necr           16%        N/A       17%         4
 Agony                    Necr           16%        N/A       43%         5


Dungeon Overview and Level Annotations

Branches:
Dungeon (3/15)

Altars:
Trog


Message History

The gnoll writhes in agony.
You kill the gnoll!
The dead are walking!
The bat barely misses you. The bat hits you but does no damage.
The bat misses you.
Aiming: Necrotise (safe; 1% risk of failure)
Press: ? - help, Q - select action, (/) - cycle Shift-Dir - straight line, f/p - gnoll
Aim: a gnoll, wielding a +0 whip (moderately wounded, chance to affect: 80%)
The bat writhes in agony.
You kill the bat!
The dead are flying!
The gnoll barely misses you.
Reach: h) +0 spear
Press: ? - help, Dir - move target, f - gnoll, p - gnoll
Aim: a gnoll, wielding a +0 spear (ally target, about 37% to evade your +0 spear)
You could not reach far enough!
The gnoll hits you from afar with a +0 spear.
* * * LOW HITPOINT WARNING * * *
Your gnoll skeleton hits the gnoll but does no damage.
Reach: h) +0 spear
Press: ? - help, Dir - move target, f/p - gnoll
Aim: a gnoll, wielding a +0 spear (not watching you, ally target, about 37% to evade your +0 spear)
You could not reach far enough!
The gnoll hits you from afar with a +0 spear.
* * * LOW HITPOINT WARNING * * *
Your gnoll skeleton barely misses the gnoll.
Reach: h) +0 spear
Press: ? - help, Dir - move target, f/p - gnoll
Aim: a gnoll, wielding a +0 spear (ally target, about 37% to evade your +0 spear)
You reach to attack!
You barely miss the gnoll.
The gnoll hits you from afar with a +0 spear.
* * * LOW HITPOINT WARNING * * *
Your gnoll skeleton hits the gnoll.
Reach: h) +0 spear
Press: ? - help, Dir - move target, f/p - gnoll
Aim: a gnoll, wielding a +0 spear (lightly wounded, ally target, about 37% to evade your +0 spear)
You reach to attack!
You hit the gnoll.
The gnoll is lightly wounded.
The gnoll misses you.
The gnoll hits you from afar with a +0 spear.
You die...

####... #. ....... !##
#.#####... ...# ... ##..
....# ### #.#####.
.....##.. #....###
........#####.###.....##
...........# ...........
......Z@##.# ##.....##
#...###Z##.#######...###
# #g##.#............
#g##.#........####
####g##.#........#
#......bg........###
####.##.#Z..........
#.......ZZ....###
####....g....##


You could see 3 gnolls, a friendly bat skeleton and a friendly gnoll skeleton.

Vanquished Creatures
  A gnoll (D:3)
  An adder (D:3)
  A dart slug (D:2)
  An orc (D:3)
  7 ball pythons
  2 endoplasms (D:1)
  2 giant cockroaches
  2 goblins (D:1)
  2 kobolds (D:1)
  4 quokkas
  3 bats
  4 frilled lizards
  8 rats
38 creatures vanquished.

Vanquished Creatures (collateral kills)
  A worm (D:2)
  A bat (D:1)
  A giant cockroach (D:1)
  A hobgoblin (D:1)
4 creatures vanquished.

Grand Total: 42 creatures vanquished

Notes
Turn   | Place    | Note
-------+----------+-------------------------------------------
     0 | D:1      | RascalDebosk the Human Necromancer began the quest for the
                  | Orb.
     0 | D:1      | Reached XP level 1. HP: 13/13 MP: 3/3
   222 | D:1      | Reached XP level 2. HP: 19/19 MP: 0/5
   587 | D:1      | Reached XP level 3. HP: 22/24 MP: 4/6
   707 | D:1      | Learned a level 3 spell: Vampiric Draining
   818 | D:1      | Reached skill level 1 in Staves
  1028 | D:2      | Found a faded altar of an unknown god.
  1198 | D:3      | Found a bloodstained altar of Trog.
  1311 | D:3      | Reached XP level 4. HP: 30/30 MP: 0/7
  1343 | D:3      | HP: 1/30 [gnoll/+0 spear (6)]
  1344 | D:3      | Slain by a gnoll

Illustrated notes

Levels and vault maps discovered:
D:1:      lemuel_arrival_broad_hall, layout_loops_ring, minmay_octomino_c4
D:2:      layout_basic, basic_altar, ebering_ecumenical_altar_webs,
          kennysheep_pointless_box, columned_hall_lemuel, minivault_14
D:3:      layout_loops_ring, trog_butcher_becter, minmay_misc_feat_pillars,
          grunt_ministairs_10

Skill      XL: |  1  2  3 |
---------------+----------+-----
Staves         | 1 |  1.3
Dodging        | |  2.5
Stealth        | |  2.6
Spellcasting   | |  2.5
Necromancy     | |  4.3

Action                   |  1- 3 |  4- 6 || total
-------------------------+-------+-------++-------
Melee: Mace              |    15 |       ||    15
       Punch             |     1 |     1 ||     2
       Spear             |    36 |    13 ||    49
 Cast: Necrotise         |    47 |     3 ||    50
Armor: Leather armour    |     8 |     2 ||    10
       Robe              |     2 |       ||     2
Dodge: Dodged            |    41 |    12 ||    53
